 Dungeon Crawl Stone Soup version 0.25-a0-310-g60f0ac2d9a (webtiles) character file.

Game seed: 8911593642589359578, levelgen mode: deterministic

74 ANON1729 the Sneak (level 4, -9/27 HPs)
             Began as an Octopode Earth Elementalist on Dec 23, 2019.
             Mangled by Sigmund
             ... wielding a +0 scythe
              (13 damage)
             ... on level 2 of the Dungeon.
             The game lasted 00:01:53 (2314 turns).

ANON1729 the Sneak (Octopode Earth Elementalist)    Turns: 2314, Time: 00:01:53

Health: -9/27      AC:  1    Str:  7    XL:     4   Next: 30%
Magic:  1/7        EV: 14    Int: 17    God:
Gold:   103        SH:  0    Dex: 13    Spells: 6/7 levels left

rFire    . . .     SeeInvis .     - Unarmed
rCold    . . .     Gourm    .   (no shield)
rNeg     . . .     Faith    .   (helmet restricted)
rPois    .         Spirit   .   (no amulet)
rElec    .         Reflect  .   (no ring)
rCorr    .         Harm     .   (no ring)
MR       .....                  (no ring)
Stlth    +++.......             (no ring)
HPRegen  0.09/turn              (no ring)
MPRegen  0.10/turn              (no ring)
                                (no ring)
                                (no ring)

@: very slightly contaminated
A: almost no armour, stealthy swim, amphibious, 8 rings, constrict 8, camouflage
1, gelatinous body 1
a: no special abilities


You were on level 2 of the Dungeon.
You were not hungry.

You visited 1 branch of the dungeon, and saw 2 of its levels.

You collected 103 gold pieces.

Inventory:

Missiles
 b - 52 stones (quivered)
Jewellery
 d - an uncursed ring of protection from fire {unknown}
Scrolls
 a - 4 scrolls of identify {unknown}
 h - a scroll of magic mapping {unknown}
Potions
 e - a potion of agility {unknown}
 f - 3 potions of might {unknown}
 g - a potion of haste {unknown}
Comestibles
 c - 6 rations


   Skills:
 + Level 0.5 Fighting
 + Level 2.5 Dodging
 + Level 3.8 Stealth
 + Level 1.5 Unarmed Combat
 + Level 2.3 Spellcasting
   Level 1.0 Transmutations
 + Level 3.3 Earth Magic


You had 6 spell levels left.
You knew the following spells:

 Your Spells              Type           Power        Failure   Level  Hunger
a - Sandblast             Erth           ##....       4%          1    #......

Your spell library contained the following spells:

 Spells                   Type           Power        Failure   Level  Hunger
 Passwall                 Tmut/Erth      #.......     12%         2    ##.....
 Stone Arrow              Conj/Erth      #.....       28%         3    ###....
 Petrify                  Tmut/Erth      #.......     58%         4    #####..
 Lee's Rapid Deconstruct  Erth           ##........   78%         5    ######.


Dungeon Overview and Level Annotations

Branches:
Dungeon (2/15)

Altars:

Annotations:
D:2 Sigmund


Innate Abilities, Weirdness & Mutations

You cannot wear most types of armour.
You are very stealthy in the water. (Stealth+)
You are amphibious.
You can wear up to eight rings at the same time.
You can use your tentacles to constrict eight enemies at once.
Your skin changes colour to match your surroundings (Stealth+).
Your rubbery body absorbs attacks. (AC +1, EV +1)


Message History

b - 54 stones
Casting: Sandblast (safe; 4% risk of failure)
Confirm with . or Enter, or press ? or * to list all spells.
Aiming: Sandblast (safe; 4% risk of failure)
Press: ? - help, Shift-Dir - straight line, f/p - Sigmund
Aim: Sigmund, wielding a +0 scythe and wearing a +1 robe of fire resistance (moderately wounded)
The blast of sand hits Sigmund.
Sigmund is heavily wounded.
b - 53 stones Sigmund hits you from afar with a +0 scythe!
* * * LOW HITPOINT WARNING * * *
Casting: Sandblast (safe; 4% risk of failure)
Confirm with . or Enter, or press ? or * to list all spells.
Aiming: Sandblast (safe; 4% risk of failure)
Press: ? - help, Shift-Dir - straight line, f/p - Sigmund
Aim: Sigmund, wielding a +0 scythe and wearing a +1 robe of fire resistance (moderately wounded)
The blast of sand misses Sigmund.
b - 52 stones Sigmund hits you from afar with a +0 scythe!
You die...

##########..#..#########
##...## #.### ..######.#
.........# ..######.#
#.# #.# #@# #..@..#
#######


You could see Sigmund.

Vanquished Creatures
  A jelly (D:2)
  2 worms (D:2)
  A leopard gecko (D:1)
  5 bats (D:1)
  4 giant cockroaches
  4 goblins
  4 hobgoblins
  3 jackals (D:1)
  5 kobolds
  3 ball pythons (D:1)
  A frilled lizard (D:1)
  3 rats
36 creatures vanquished.

Notes
Turn   | Place    | Note
-------+----------+-------------------------------------------
     0 | D:1      | ANON1729 the Octopode Earth Elementalist began the quest
                  | for the Orb.
     0 | D:1      | Reached XP level 1. HP: 11/11 MP: 3/3
   525 | D:1      | Reached XP level 2. HP: 17/17 MP: 5/5
  1027 | D:1      | Reached XP level 3. HP: 4/21 MP: 6/6
  1681 | D:2      | Reached skill level 1 in Unarmed Combat
  1924 | D:2      | Reached XP level 4. HP: 3/27 MP: 1/7
  2308 | D:2      | Noticed Sigmund
  2314 | D:2      | Mangled by Sigmund

Levels and vault maps discovered:
D:1:      matt_arrival_diagonals, layout_loops_ring,
          minmay_misc_feat_more_columns
D:2:      minmay_recursive_quarters, layout_loops_ring, first_ration,
          uniq_sigmund

Skill      XL: |  1  2  3 |
---------------+----------+-----
Stealth        | 3 |  3.8
Unarmed Combat | 1 |  1.5
Fighting       | |  0.5
Dodging        | |  2.5
Spellcasting   | |  2.3
Transmutations | |  1.0
Earth Magic    | |  3.3

Action                   |  1- 3 |  4- 6 || total
-------------------------+-------+-------++-------
Melee: Unarmed           |    82 |     9 ||    91
       Constrict         |    25 |     3 ||    28
       Tentacles         |    14 |     2 ||    16
Throw: Stone             |     1 |       ||     1
 Cast: Sandblast         |     7 |     7 ||    14
 Stab: Sleeping          |     9 |     2 ||    11
  Eat: Chunk             |     2 |     2 ||     4
Armor: Skin              |     7 |       ||     7
Dodge: Dodged            |    52 |     5 ||    57

Table legend:
 A = Non-vault XP
 B = Vault XP
 C = Vault XP percentage of total XP
 D = Non-vault monster count
 E = Vault monster count
 F = Vault count percentage of total count
                 A         B        C        D         E       F
            +---------+---------+-------+---------+---------+-------
      Total |     107 |       0 |   0.0 |      36 |       0 |   0.0
            +---------+---------+-------+---------+---------+-------
        D:1 |      42 |       0 |   0.0 |      24 |       0 |   0.0
        D:2 |      65 |       0 |   0.0 |      12 |       0 |   0.0
            +---------+---------+-------+---------+---------+-------
